 Dungeon Crawl Stone Soup version 0.29.1-1-gd02db6906a (webtiles) character file.

Game seed: 1491428089977881186

26397 raph the Fighter (level 13, -25/99 HPs)
             Began as a Djinni Fire Elementalist on Oct 14, 2022.
             Was an Elder of Makhleb.
             Killed from afar by a lindwurm (29 damage)
             ... with a blast of flame
             ... on level 5 of the Lair of Beasts.
             The game lasted 00:27:55 (16041 turns).

raph the Fighter (Djinni Fire Elementalist)        Turns: 16041, Time: 00:27:55

Health: -25/99     AC:  2    Str:  7    XL:     13   Next: 57%
Gold:   856        EV: 27    Int: 27    God:    Makhleb [****..] SH:  0 Dex: 20

rFire   . . .      SeeInvis .   (weapon currently unavailable)
rCold   . . .      Faith    .   (shield currently unavailable)
rNeg    . . .      Spirit   .   (body armour currently unavailable)
rPois   ∞          Reflect  .   (helmet currently unavailable)
rElec   .          Harm     .   (cloak currently unavailable)
rCorr   .          Rampage  .   (gloves currently unavailable)
Will    +....                   (boots unavailable)
Stlth   ++++......              h - amulet of regeneration
HPRegen 1.06/turn               y - +6 ring of intelligence
MPRegen 0.00/turn               (no ring)

@: spider-form, flying
A: venomous fangs, flying, sickness immunity, tiny, (fire resistance 2), (cold
vulnerability 1), float, innate caster, HP casting, extra vitality 1
a: End Transformation, Renounce Religion, Minor Destruction, Lesser Servant of
Makhleb, Major Destruction


You were on level 5 of the Lair of Beasts.
You worshipped Makhleb.
Makhleb was greatly pleased with you.
You were a venomous arachnid creature.
You visited 3 branches of the dungeon, and saw 15 of its levels.

You collected 856 gold pieces.

Inventory:

Hand Weapons
 j - a +1 spear of venom
 G - the +4 trident "Hyrhiov" (melded) {venom, rF+ rC++ Int+4}
   (You found it on level 7 of the Dungeon)

   It poisons the flesh of those it strikes.
   Int:       It affects your intelligence (+4).
   rF:        It protects you from fire.
   rC:        It greatly protects you from cold.
Missiles
 e - 35 poisoned darts
 o - 8 javelins
 p - a throwing net
 A - 3 curare-tipped darts
Armour
 a - a +0 robe
 c - a +1 helmet of intelligence (melded)
 m - +0 fire dragon scales
 x - a +0 pair of gloves (melded)
 C - +1 acid dragon scales (melded)
Jewellery
 d - a ring of ice
 h - an amulet of regeneration (around neck)
 t - a ring of fire
 y - a +6 ring of intelligence (left front leg)
 B - a +6 ring of intelligence
Wands
 v - a wand of mindburst (8)
 D - a wand of paralysis (5)
 F - a wand of digging (4)
 H - a wand of polymorph (6)
 I - a wand of quicksilver (11)
Scrolls
 i - a scroll of poison
 l - 2 scrolls of torment
 r - 11 scrolls of teleportation
 u - 3 scrolls of magic mapping
 w - 3 scrolls of immolation
 J - a scroll of blinking
 K - a scroll of enchant weapon
 L - a scroll of summoning
Potions
 b - a potion of berserk rage {unknown}
 f - 2 potions of haste
 g - a potion of invisibility
 k - a potion of attraction {unknown}
 n - 6 potions of curing
 q - a potion of cancellation {unknown}
 s - 3 potions of lignification
 z - a potion of resistance {unknown}
 E - a potion of ambrosia {unknown}
 M - a potion of heal wounds {unknown}
 N - a potion of might {unknown}


   Skills:
 + Level 11.0 Fighting
 - Level 1.2 Polearms
 + Level 3.6 Armour
 + Level 9.0 Dodging
 + Level 7.4 Stealth
 * Level 9.6 Spellcasting
 + Level 9.5 Invocations


You couldn't memorise any spells.
You knew the following spells:

 Your Spells              Type           Power      Damage    Failure   Level
a - Foxfire               Conj/Fire      100%       2x1d9     1%          1
b - Scorch                Fire           100%       2d10      1%          2
c - Conjure Flame         Conj/Fire      60%        6-21      2%          3
d - Inner Flame           Hex/Fire       60%        N/A       2%          3
e - Flame Wave            Conj/Fire      60%        2d14      4%          4
f - Apportation           Tloc           100%       N/A       1%          1
g - Passwall              Tmut/Erth      50%        N/A       1%          2
h - Spider Form           Tmut/Pois      60%        N/A       2%          3
i - Passage of Golubria   Tloc           60%        N/A       4%          4
j - Sticky Flame          Conj/Fire      60%        2d8       4%          4
k - Metabolic Englaciati  Hex/Ice        30%        N/A       9%          5
Your spell library was empty.

Dungeon Overview and Level Annotations

Branches:
Dungeon (9/15)             Temple (1/1) D:5            Lair (5/5) D:8
  Swamp (0/4) Lair:2        Snake (0/4) Lair:3
  Slime: Lair:4-5       Orc: D:9-12

Altars:
Ashenzari
Cheibriados
Dithmenos
Elyvilon
Fedhas
Gozag
Hepliaklqana
Makhleb
Nemelex Xobeh
Okawaru
Qazlal
Ru
Trog
Uskayaw
Wu Jian
Xom
Yredelemnul
Zin
The Shining One

Shops:
D:7 *


Innate Abilities, Weirdness & Mutations

You are a venomous arachnid creature.
You have poisonous fangs.
You are tiny and dextrous.
You are flying.
Your spellcasting is less reliable in this form.
Your armour is entirely melded.
You are incapable of wielding weapons or throwing items.
You are immune to sickness and miasma.
You are immune to poison.
((Your flesh is very heat resistant. (rF++)))
((You are vulnerable to cold. (rC-)))
You float through the air rather than walking.
You learn spells naturally, not from books.
Your magical power is your life essence.
You have superior vitality. (+4 MHP)


Message History

You hit the lindwurm but do no damage.
The lindwurm looks as sick as possible!
The lindwurm is heavily wounded.
The lindwurm bites you. The lindwurm barely misses you.
The lindwurm completely misses you.
You hit the lindwurm but do no damage.
The lindwurm is heavily wounded.
The lindwurm breathes flames at you. The blast of flame hits you!!
You hit the lindwurm but do no damage.
The lindwurm looks as sick as possible!
The lindwurm is heavily wounded.
The lindwurm misses you. The lindwurm claws you.
The lindwurm closely misses you.
You hit the lindwurm but do no damage.
The lindwurm is heavily wounded.
The lindwurm bites you! The lindwurm closely misses you. x2
You hit the lindwurm but do no damage.
The lindwurm looks as sick as possible!
The lindwurm is severely wounded.
The lindwurm closely misses you. x2; The lindwurm claws you.
You hit the lindwurm.
The lindwurm looks as sick as possible!
The lindwurm is almost dead.
The lindwurm bites you. The lindwurm completely misses you.
The lindwurm claws you but does no damage.
You hit the lindwurm but do no damage.
The lindwurm is almost dead.
The lindwurm bites you! The lindwurm completely misses you.
The lindwurm misses you.
You hit the lindwurm.
The lindwurm looks as sick as possible!
The lindwurm is almost dead.
The lindwurm breathes flames at you. The blast of flame hits you!!
* * * LOW HITPOINT WARNING * * *
You hit the lindwurm but do no damage.
The lindwurm looks as sick as possible!
The lindwurm is almost dead.
The lindwurm bites you!
* * * LOW HITPOINT WARNING * * *
The lindwurm completely misses you. The lindwurm claws you.
* * * LOW HITPOINT WARNING * * *
The lindwurm breathes flames at you. The blast of flame hits you!!
You die...

#?.# #..#.
#######...
...#.P.... ### .
....P....##..#.#
................
......<.........
.........k......
.......s†####...
.....)..†#
...#.......
..#.......P..
#.###.........
.. #......... .
#....#....
#.........


You could see a lindwurm (extremely poisoned, catching breath).

Vanquished Creatures
  2 two-headed ogres
  Pikel (D:7)
  8 elephants
  4 black mambas
  3 torpor snails
  Joseph (D:7)
  8 cane toads
  Maggie (D:7)
  A rime drake (Lair:3)
  Psyche (D:8)
  4 komodo dragons
  Grinder (D:6)
  3 polar bears
  2 tyrant leeches (Lair:2)
  15 blink frogs
  27 yaks
  5 wyverns (D:8)
  5 basilisks
  A steam dragon (D:8)
  Menkaure (D:4)
  10 water moccasins
  3 sky beasts
  2 ice beasts
  2 black bears
  10 wolves
  4 ogres
  2 centaurs
  3 lemures (D:7)
  A phantom (D:7)
  7 bullfrogs
  7 kobold brigands
  5 scorpions
  2 necrophages
  A gnoll sergeant (D:7)
  3 wights (D:8)
  5 killer bees (D:8)
  4 howler monkeys (D:7)
  An electric eel (D:6)
  A jelly (D:5)
  An orc priest (D:2)
  4 hounds
  2 gnoll boudas (D:7)
  6 orc wizards
  4 iguanas
  23 gnolls
  11 adders
  A shadow imp (D:8)
  A white imp (D:8)
  4 worms
  2 dart slugs (D:3)
  29 orcs
  A ball python (D:4)
  6 endoplasms
  A giant cockroach (D:2)
  8 goblins
  17 hobgoblins
  37 kobolds
  6 quokkas
  6 bats
  2 frilled lizards
  5 rats
  A bush (D:8)
  2 butterflies (D:4)
347 creatures vanquished.

Vanquished Creatures (collateral kills)
  3 foxfires
3 creatures vanquished.

Vanquished Creatures (others)
  854 foxfires
  21 fungi
  34 plants
909 creatures vanquished.

Grand Total: 1259 creatures vanquished

Notes
Turn   | Place    | Note
-------+----------+-------------------------------------------
     0 | D:1      | raph the Djinni Fire Elementalist began the quest for the
                  | Orb.
     0 | D:1      | raph set off with the following spells memorised: Foxfire,
                  | Scorch, Conjure Flame, Inner Flame, Flame Wave.
     0 | D:1      | Reached XP level 1. HP: 15/15 MP: 0/0
   246 | D:1      | Reached XP level 2. HP: 14/21 MP: 0/0
  1081 | D:1      | Reached XP level 3. HP: 24/26 MP: 0/0
  1081 | D:1      | Learned a level 1 spell: Apportation
  1110 | D:1      | Identified a scroll of acquirement
  1110 | D:1      | Acquired a +0 helmet of intelligence
  1240 | D:1      | Reached skill level 1 in Fighting
  1543 | D:1      | Found a faded altar of an unknown god.
  2165 | D:2      | Found an iron altar of Okawaru.
  2237 | D:1      | Reached XP level 4. HP: 30/33 MP: 0/0
  2354 | D:2      | Reached skill level 2 in Fighting
  2680 | D:2      | Reached XP level 5. HP: 29/39 MP: 0/0
  2680 | D:2      | Learned a level 2 spell: Passwall
  3123 | D:3      | Reached skill level 3 in Fighting
  3381 | D:3      | Reached XP level 6. HP: 46/46 MP: 0/0
  3886 | D:4      | Reached skill level 4 in Fighting
  3931 | D:4      | Found a shimmering altar of Xom.
  4034 | D:4      | Noticed a black bear
  4068 | D:4      | Killed a black bear
  4069 | D:4      | Reached XP level 7. HP: 22/53 MP: 0/0
  4069 | D:4      | Learned a level 3 spell: Spider Form
  4647 | D:4      | Noticed Menkaure
  4654 | D:4      | Killed Menkaure
  4655 | D:4      | Reached skill level 5 in Fighting
  4655 | D:4      | Reached skill level 5 in Spellcasting
  4988 | D:5      | Entered Level 5 of the Dungeon
  5011 | D:5      | Found a staircase to the Ecumenical Temple.
  5025 | Temple   | Entered the Ecumenical Temple
  5171 | Temple   | Became a worshipper of Makhleb the Destroyer
  5377 | D:5      | Reached skill level 1 in Invocations
  5377 | D:5      | Reached XP level 8. HP: 60/60 MP: 0/0
  5777 | D:6      | Reached skill level 6 in Fighting
  6145 | D:6      | Noticed a two-headed ogre
  6170 | D:6      | Killed a two-headed ogre
  6171 | D:6      | Reached skill level 7 in Fighting
  6171 | D:6      | Reached XP level 9. HP: 65/68 MP: 0/0
  6171 | D:6      | Learned a level 4 spell: Passage of Golubria
  6431 | D:6      | Reached * piety under Makhleb
  6536 | D:6      | Noticed Grinder
  6542 | D:6      | Killed Grinder
  6543 | D:6      | Reached skill level 5 in Invocations
  6982 | D:6      | Reached ** piety under Makhleb
  7141 | D:6      | Reached XP level 10. HP: 76/76 MP: 0/0
  7311 | D:6      | Reached skill level 8 in Fighting
  7473 | D:7      | Noticed Joseph
  7613 | D:7      | Noticed Maggie
  7624 | D:7      | Killed Maggie
  7989 | D:7      | Reached *** piety under Makhleb
  8057 | D:7      | Killed Joseph
  8245 | D:7      | Found Opleg's Mayhem Merchandise.
  8687 | D:7      | Identified the +4 trident "Hyrhiov" {venom, rF+ rC++ Int+4}
  8956 | D:7      | Noticed Pikel
  8968 | D:7      | Killed Pikel
  8969 | D:7      | Reached skill level 5 in Dodging
  9193 | D:8      | Reached XP level 11. HP: 82/82 MP: 0/0
  9193 | D:8      | Learned a level 4 spell: Sticky Flame
  9200 | D:8      | Noticed Psyche
  9206 | D:8      | Killed Psyche
  9376 | D:8      | Reached skill level 9 in Fighting
  9425 | D:8      | Noticed a two-headed ogre
  9435 | D:8      | Killed a two-headed ogre
  9554 | D:8      | Found a staircase to the Lair.
  9572 | D:8      | Reached skill level 5 in Stealth
  9594 | D:8      | Reached **** piety under Makhleb
 10156 | Lair:1   | Entered Level 1 of the Lair of Beasts
 10805 | D:8      | Reached XP level 12. HP: 91/91 MP: 0/0
 11229 | Lair:1   | Reached skill level 10 in Fighting
 12546 | Lair:2   | Found a staircase to the Swamp.
 12626 | Lair:2   | Reached skill level 1 in Armour
 12834 | Lair:2   | Reached skill level 1 in Polearms
 13768 | Lair:3   | Found a staircase to the Snake Pit.
 13920 | Lair:3   | Found a stormy altar of Qazlal.
 14027 | Lair:3   | Reached XP level 13. HP: 86/97 MP: 0/0
 14027 | Lair:3   | Learned a level 5 spell: Metabolic Englaciation
 15473 | Lair:5   | Entered Level 5 of the Lair of Beasts
 15712 | Lair:5   | Reached skill level 11 in Fighting
 16040 | Lair:5   | HP: 3/99 [lindwurm (5)]
 16041 | Lair:5   | Killed from afar by a lindwurm

Illustrated notes

Levels and vault maps discovered:
D:1:      scummos_arrival_forest, layout_basic,
          shapermc_ecumenical_altar_pompeii
D:2:      layout_basic, basic_altar
D:3:      layout_rooms, dreamdust_princess_corridor
D:4:      layout_gridville, xom_butterflies, cheibrodos_gnoll_hut, uniq_menkaure
D:5:      layout_gridville, minmay_temple_entry_glass
D:6:      minmay_goblin_kobold_castle, layout_loops_cross, uniq_grinder
D:7:      minmay_inner_zag, layout_basic, st_stairs_8, minmay_shop_mayhem,
          uniq_maggie, uniq_joseph, uniq_pikel
D:8:      layout_basic, minmay_lair_entry_grove, uniq_psyche
D:9:      kennysheep_six_static_rooms, layout_stronghold
Temple:   compressed_dpeg_triangle_lava_temple
Lair:1:   layout_hall_layers, infiniplex_staircase_pool
Lair:2:   layout_roguey, minmay_swamp_entry_worms
Lair:3:   layout_misc_corridors, dummy_snake_entry, basic_altar,
          serial_bayou_shore_b
Lair:4:   layout_cave_shapes
Lair:5:   grunt_lair_end_beastmaster, layout_regular_city,
          nicolae_slime_entry_slimehenge

Skill      XL: |  1  2  3  4  5  6  7  8  9 10 11 12 13 |
---------------+----------------------------------------+-----
Spellcasting   | 3 4 5 6 7 8 9 |  9.6
Fighting       | 1 2 3 4 5 7 8 9 10 11 | 11.0
Invocations    | 1 4 5 6 8 9 |  9.5
Stealth        | 2 4 5 6 7 |  7.4
Dodging        | 5 6 8 9 |  9.0
Armour         | 1 3 |  3.6
Polearms       | 1 |  1.2

Action                   |  1- 3 |  4- 6 |  7- 9 | 10-12 | 13-15 || total
-------------------------+-------+-------+-------+-------+-------++-------
Melee: Short sword       |     8 |       |       |       |       ||     8
       Spear             |     3 |    10 |     8 |    10 |       ||    31
       Trident           |       |       |       |    45 |     5 ||    50
       Unarmed           |       |       |       |       |    18 ||    18
Throw: Dart              |       |       |       |     1 |       ||     1
 Cast: Foxfire           |    50 |    78 |   146 |   169 |    54 ||   497
       Scorch            |    12 |    23 |    27 |    88 |    68 ||   218
       Conjure Flame     |       |     4 |     4 |     7 |     1 ||    16
       Flame Wave        |       |       |     6 |    47 |    19 ||    72
       Inner Flame       |       |       |       |     1 |       ||     1
       Metabolic Englaci |       |       |       |       |     2 ||     2
       Spider Form       |       |       |       |       |     1 ||     1
Invok: Lesser Servant of |       |       |       |     1 |       ||     1
Evoke: Wand              |       |       |       |       |     1 ||     1
  Use: Scroll            |     8 |     3 |     5 |     9 |       ||    25
 Stab: Sleeping          |       |       |       |     2 |       ||     2
       Distracted        |       |       |       |     1 |       ||     1
Armor: Robe              |    16 |    10 |    14 |     1 |       ||    41
       Acid dragon scale |       |       |       |   101 |    33 ||   134
       Skin              |       |       |       |       |     2 ||     2
Dodge: Dodged            |    17 |    21 |    23 |   153 |    97 ||   311
